General information
- name: BNet
- type: Ladder team game (AT/RT)
- host: Battle.net
- saver: Iscariot
map: MarketSquare
- players: 8
- length: 76:23
- speed: Fast
- version: 1.26 W3XP
- replay type: Public
» download(381 KB)
Players
team 1 (winner)

»
ST_Bomber (
teal | 54 APM | 1704 actions | 31:36)
5 Tauren Chieftain
2 War Stomp
3 Endurance Aura
4 Shadow Hunter
2 Hex
2 Healing Wave
» actions
| Assign group hotkey | 25 | |
| Basic commands | 70 | |
| Build / train | 68 | |
| ESC pressed | 1 | |
| Enter build submenu | 23 | |
| Enter hero's abilities submenu | 9 | |
| Give item / drop item | 1 | |
| Right click | 574 | |
| Select / deselect | 361 | |
| Select group hotkey | 492 | |
| Use ability | 80 | |
1704 total
» units
| Peon | 8 | |
| Grunt | 6 | |
| Tauren | 7 | |
| Shaman | 10 | |
| Troll Batrider | 4 | |
35 total
» upgrades
| Armor | 3 | |
| Melee Weapons | 3 | |
| Shaman Training | 2 | |
| Pulverize | 1 | |
| Reinforced Defenses | 1 | |
10 total
» buildings
| Orc Burrow | 7 | |
| Altar of Storms | 1 | |
| Barracks | 1 | |
| War Mill | 1 | |
| Watch Tower | 8 | |
| Voodoo Lounge | 1 | |
| Stronghold | 1 | |
| Fortress | 1 | |
| Spirit Lodge | 1 | |
| Tauren Totem | 2 | |
| Beastiary | 1 | |
25 total
» build order
00:10 Orc Burrow
00:13 Altar of Storms
01:06 Barracks
01:33 Orc Burrow
01:45 War Mill
02:57 Watch Tower
02:59 Watch Tower
03:04 Watch Tower
03:06 Watch Tower
03:54 Voodoo Lounge
04:22 Orc Burrow
05:50 Stronghold
06:04 Watch Tower
06:07 Watch Tower
08:21 Fortress
08:25 Spirit Lodge
08:31 Orc Burrow
09:36 Watch Tower
09:37 Watch Tower
11:04 Tauren Totem
11:07 Tauren Totem
12:21 Orc Burrow
16:23 Orc Burrow
16:54 Orc Burrow
24:13 Beastiary
» items
| Periapt of Vitality | 1 | |
| Circlet of Nobility | 1 | |
| Dust of Appearance | 1 | |
| Orb of Lightning | 1 | |
| Scroll of Town Portal | 5 | |
| Healing Salve | 1 | |
10 total
DAT-SKILL. (
yellow | 62 APM | 4761 actions | 76:19)
10 Archmage
3 Summon Water Elemental
3 Brilliance Aura
1 Mass Teleport
3 Blizzard
1 Mountain King
1 Storm Bolt
» actions
| Assign group hotkey | 131 | |
| Basic commands | 53 | |
| Build / train | 126 | |
| Enter build submenu | 31 | |
| Enter hero's abilities submenu | 11 | |
| Give item / drop item | 7 | |
| Right click | 2062 | |
| Select / deselect | 652 | |
| Select group hotkey | 1324 | |
| Use ability | 364 | |
4761 total
» units
| Peasant | 19 | |
| Footman | 5 | |
| Gryphon Rider | 7 | |
| Siege Engine | 7 | |
| Sorceress | 7 | |
| Dragonhawk Rider | 1 | |
46 total
» upgrades
| Lumber Harvesting | 2 | |
| Masonry | 3 | |
| Cloud | 1 | |
| Storm Hammers | 1 | |
| Animal War Training | 1 | |
| Swords | 3 | |
| Armor | 1 | |
| Barrage | 1 | |
| Gunpowder | 2 | |
| Sorceress Training | 2 | |
| Magic Sentry | 1 | |
18 total
» buildings
| Altar of Kings | 1 | |
| Barracks | 1 | |
| Farm | 14 | |
| Scout Tower | 31 | |
| Arcane Tower | 2 | |
| Town Hall | 1 | |
| Lumber Mill | 5 | |
| Keep | 1 | |
| Arcane Vault | 1 | |
| Guard Tower | 14 | |
| Castle | 2 | |
| Gryphon Aviary | 3 | |
| Blacksmith | 1 | |
| Workshop | 3 | |
| Arcane Sanctum | 1 | |
81 total
» build order
00:07 Altar of Kings
00:21 Barracks
00:38 Farm
00:51 Farm
01:36 Scout Tower
02:12 Arcane Tower
02:20 Farm
03:56 Town Hall
04:01 Lumber Mill
04:09 Lumber Mill
04:11 Scout Tower
04:12 Scout Tower
04:13 Scout Tower
04:29 Keep
05:08 Arcane Vault
06:02 Guard Tower
07:09 Scout Tower
07:10 Scout Tower
07:11 Scout Tower
07:11 Scout Tower
07:12 Scout Tower
07:14 Guard Tower
07:17 Castle
07:17 Castle
07:20 Gryphon Aviary
07:22 Gryphon Aviary
07:50 Guard Tower
08:01 Farm
08:02 Farm
08:02 Farm
08:03 Farm
08:35 Guard Tower
08:45 Scout Tower
08:46 Scout Tower
08:48 Scout Tower
08:48 Scout Tower
08:50 Scout Tower
08:51 Scout Tower
09:46 Guard Tower
09:47 Guard Tower
10:07 Lumber Mill
10:19 Guard Tower
10:28 Guard Tower
11:21 Scout Tower
11:21 Scout Tower
11:22 Scout Tower
11:23 Scout Tower
11:24 Scout Tower
11:25 Scout Tower
11:25 Scout Tower
12:07 Guard Tower
12:14 Farm
12:14 Farm
12:14 Farm
12:16 Farm
12:16 Farm
13:10 Guard Tower
13:13 Gryphon Aviary
13:18 Scout Tower
13:19 Scout Tower
13:20 Scout Tower
13:20 Scout Tower
13:22 Scout Tower
13:23 Scout Tower
14:53 Guard Tower
15:41 Guard Tower
15:45 Blacksmith
17:20 Workshop
17:21 Workshop
22:02 Workshop
22:24 Arcane Sanctum
22:26 Farm
22:26 Farm
29:36 Scout Tower
53:09 Lumber Mill
54:30 Lumber Mill
» items
| Healing Salve | 4 | |
| Potion of Lesser Invulnerability | 1 | |
| Staff of Teleportation | 1 | |
| Scroll of Town Portal | 8 | |
| Staff of Sanctuary | 1 | |
| Potion of Healing | 3 | |
| Scroll of Regeneration | 5 | |
| Mechanical Critter | 7 | |
30 total
rockstone (
orange | 47 APM | 1117 actions | 23:55)
6 Blademaster
3 Critical Strike
1 Wind Walk
1 Mirror Image
1 Bladestorm
» actions
| Assign group hotkey | 11 | |
| Build / train | 43 | |
| Enter build submenu | 16 | |
| Enter hero's abilities submenu | 6 | |
| Remove unit from queue | 3 | |
| Right click | 456 | |
| Select / deselect | 353 | |
| Select group hotkey | 142 | |
| Use ability | 87 | |
1117 total
» units
» upgrades
| Melee Weapons | 1 | |
| Ensnare | 1 | |
| Pillage | 1 | |
3 total
» buildings
| Altar of Storms | 1 | |
| Orc Burrow | 7 | |
| Barracks | 1 | |
| Voodoo Lounge | 1 | |
| War Mill | 1 | |
| Stronghold | 1 | |
| Great Hall | 2 | |
| Fortress | 1 | |
| Beastiary | 2 | |
17 total
» build order
00:06 Altar of Storms
00:08 Orc Burrow
00:35 Barracks
00:54 Voodoo Lounge
01:54 Orc Burrow
03:11 War Mill
04:26 Orc Burrow
05:29 Stronghold
06:38 Great Hall
08:19 Fortress
08:26 Great Hall
09:53 Beastiary
09:58 Beastiary
10:02 Orc Burrow
16:48 Orc Burrow
19:11 Orc Burrow
20:53 Orc Burrow
» items
| Healing Salve | 4 | |
| Orb of Lightning | 1 | |
| Potion of Healing | 4 | |
| Scroll of Town Portal | 1 | |
| Scroll of Speed | 2 | |
| Tiny Great Hall | 1 | |
13 total
conmaster (
green | 21 APM | 1579 actions | 76:23)
6 Archmage
3 Summon Water Elemental
2 Brilliance Aura
1 Mass Teleport
» actions
| Basic commands | 218 | |
| Build / train | 130 | |
| Enter build submenu | 37 | |
| Enter hero's abilities submenu | 6 | |
| Give item / drop item | 3 | |
| Right click | 531 | |
| Select / deselect | 513 | |
| Use ability | 141 | |
1579 total
» units
| Peasant | 45 | |
| Footman | 7 | |
| Rifleman | 19 | |
| Priest | 5 | |
76 total
» upgrades
| Masonry | 3 | |
| Gunpowder | 2 | |
| Armor | 2 | |
| Lumber Harvesting | 1 | |
| Long Rifles | 1 | |
9 total
» buildings
| Lumber Mill | 2 | |
| Altar of Kings | 3 | |
| Farm | 8 | |
| Barracks | 2 | |
| Scout Tower | 13 | |
| Arcane Tower | 6 | |
| Arcane Vault | 1 | |
| Blacksmith | 1 | |
| Keep | 2 | |
| Castle | 1 | |
| Arcane Sanctum | 1 | |
| Guard Tower | 5 | |
| Town Hall | 1 | |
| Workshop | 2 | |
48 total
» build order
00:13 Lumber Mill
00:26 Altar of Kings
00:41 Farm
01:20 Farm
01:31 Barracks
01:42 Scout Tower
02:00 Barracks
02:09 Arcane Tower
02:22 Arcane Vault
02:58 Farm
03:39 Farm
04:24 Blacksmith
04:29 Keep
06:51 Farm
07:40 Farm
08:01 Castle
08:26 Arcane Sanctum
10:47 Scout Tower
11:19 Arcane Tower
11:22 Scout Tower
11:54 Arcane Tower
11:56 Scout Tower
12:23 Guard Tower
12:26 Scout Tower
12:57 Guard Tower
13:01 Scout Tower
13:39 Guard Tower
13:43 Town Hall
16:27 Workshop
16:31 Workshop
24:36 Altar of Kings
27:04 Scout Tower
27:37 Arcane Tower
27:51 Scout Tower
28:23 Arcane Tower
28:27 Scout Tower
28:31 Scout Tower
29:21 Lumber Mill
29:27 Arcane Tower
31:03 Keep
31:25 Scout Tower
31:29 Scout Tower
32:05 Guard Tower
32:08 Scout Tower
32:10 Guard Tower
33:55 Altar of Kings
34:04 Farm
36:32 Farm
» items
| Healing Salve | 1 | |
| Scroll of Speed | 1 | |
| Lesser Clarity Potion | 2 | |
| Potion of Healing | 4 | |
| Scroll of Town Portal | 4 | |
| Scroll of Regeneration | 2 | |
| Orb of Fire | 1 | |
| Staff of Teleportation | 1 | |
| Potion of Lesser Invulnerability | 2 | |
| Periapt of Vitality | 1 | |
| Scroll of Protection | 1 | |
| Boots of Speed | 1 | |
| Potion of Mana | 1 | |
| Mechanical Critter | 2 | |
24 total
team 2 (loser)
toeShAnk (
red | 30 APM | 2089 actions | 69:52)
9 Blademaster
3 Wind Walk
3 Critical Strike
1 Bladestorm
2 Mirror Image
» actions
| Assign group hotkey | 5 | |
| Basic commands | 5 | |
| Build / train | 85 | |
| Enter build submenu | 33 | |
| Enter hero's abilities submenu | 10 | |
| Remove unit from queue | 2 | |
| Right click | 1199 | |
| Select / deselect | 543 | |
| Select group hotkey | 9 | |
| Use ability | 198 | |
2089 total
» units
| Peon | 13 | |
| Grunt | 4 | |
| Troll Witch Doctor | 5 | |
| Raider | 8 | |
| Spirit Walker | 1 | |
| Troll Batrider | 13 | |
| Tauren | 3 | |
| Demolisher | 2 | |
49 total
» upgrades
| Witch Doctor Training | 2 | |
| Ensnare | 1 | |
| Melee Weapons | 1 | |
| Armor | 2 | |
| Ranged Weapons | 3 | |
| Reinforced Defenses | 1 | |
| Spiked Barricades | 1 | |
| Pillage | 1 | |
| Liquid Fire | 1 | |
| Burning Oil | 1 | |
14 total
» buildings
| Altar of Storms | 2 | |
| Orc Burrow | 13 | |
| War Mill | 2 | |
| Voodoo Lounge | 2 | |
| Barracks | 3 | |
| Watch Tower | 11 | |
| Stronghold | 1 | |
| Fortress | 1 | |
| Spirit Lodge | 1 | |
| Beastiary | 2 | |
| Tauren Totem | 1 | |
| Great Hall | 3 | |
42 total
» build order
00:10 Altar of Storms
00:14 Orc Burrow
01:04 War Mill
01:24 Voodoo Lounge
01:52 Orc Burrow
02:16 Barracks
02:37 Barracks
02:50 Watch Tower
03:30 Watch Tower
04:10 Orc Burrow
05:07 Stronghold
07:34 Fortress
07:37 Spirit Lodge
07:40 Beastiary
09:08 Watch Tower
10:05 Orc Burrow
10:06 Orc Burrow
11:41 Beastiary
13:36 Tauren Totem
13:45 Orc Burrow
13:48 Orc Burrow
13:49 Orc Burrow
15:51 Orc Burrow
15:52 Orc Burrow
15:56 Orc Burrow
15:56 Orc Burrow
20:02 Watch Tower
20:04 Watch Tower
20:05 Watch Tower
31:11 Great Hall
42:00 War Mill
42:06 Watch Tower
42:10 Watch Tower
42:16 Orc Burrow
44:47 Great Hall
44:54 Watch Tower
46:17 Great Hall
47:11 Watch Tower
50:27 Barracks
50:34 Watch Tower
50:41 Altar of Storms
50:45 Voodoo Lounge
» items
| Healing Salve | 2 | |
| Lesser Clarity Potion | 2 | |
| Scroll of Speed | 1 | |
| Orb of Lightning | 1 | |
| Staff of Teleportation | 1 | |
| Potion of Lesser Invulnerability | 1 | |
8 total
Iscariot (
pink | 39 APM | 2954 actions | 76:23)
9 Archmage
3 Summon Water Elemental
3 Brilliance Aura
1 Mass Teleport
2 Blizzard
» actions
| Assign group hotkey | 44 | |
| Basic commands | 365 | |
| Build / train | 101 | |
| Enter build submenu | 82 | |
| Enter hero's abilities submenu | 9 | |
| Give item / drop item | 11 | |
| Remove unit from queue | 2 | |
| Right click | 990 | |
| Select / deselect | 649 | |
| Select group hotkey | 473 | |
| Use ability | 228 | |
2954 total
» units
| Peasant | 17 | |
| Footman | 4 | |
| Gryphon Rider | 12 | |
33 total
» upgrades
| Lumber Harvesting | 2 | |
| Masonry | 3 | |
| Storm Hammers | 1 | |
| Swords | 3 | |
| Armor | 3 | |
| Animal War Training | 1 | |
| Magic Sentry | 1 | |
| Cloud | 1 | |
15 total
» buildings
| Altar of Kings | 1 | |
| Barracks | 1 | |
| Farm | 12 | |
| Scout Tower | 69 | |
| Arcane Tower | 4 | |
| Arcane Vault | 1 | |
| Keep | 1 | |
| Town Hall | 4 | |
| Lumber Mill | 3 | |
| Guard Tower | 22 | |
| Castle | 1 | |
| Gryphon Aviary | 4 | |
| Blacksmith | 2 | |
| Arcane Sanctum | 1 | |
126 total
» build order
00:52 Altar of Kings
00:54 Barracks
00:56 Farm
00:58 Farm
01:07 Farm
01:54 Farm
02:50 Scout Tower
02:52 Scout Tower
03:22 Arcane Tower
03:27 Arcane Vault
03:45 Keep
04:47 Town Hall
04:50 Lumber Mill
04:53 Scout Tower
04:53 Scout Tower
04:56 Scout Tower
04:59 Scout Tower
05:43 Guard Tower
07:21 Scout Tower
07:22 Scout Tower
07:24 Scout Tower
07:26 Scout Tower
07:47 Castle
08:10 Gryphon Aviary
08:11 Gryphon Aviary
08:37 Gryphon Aviary
08:43 Gryphon Aviary
09:08 Blacksmith
09:10 Blacksmith
09:20 Guard Tower
10:29 Farm
12:58 Scout Tower
12:59 Scout Tower
13:00 Scout Tower
13:01 Scout Tower
13:02 Scout Tower
13:03 Scout Tower
13:04 Scout Tower
13:08 Scout Tower
13:09 Scout Tower
13:12 Scout Tower
13:13 Scout Tower
13:14 Scout Tower
13:15 Scout Tower
13:21 Scout Tower
15:31 Arcane Tower
15:51 Guard Tower
16:10 Guard Tower
18:07 Guard Tower
18:10 Arcane Sanctum
25:30 Town Hall
25:31 Scout Tower
25:31 Scout Tower
25:32 Scout Tower
25:32 Scout Tower
25:34 Scout Tower
25:34 Scout Tower
25:34 Scout Tower
25:35 Scout Tower
25:40 Scout Tower
25:46 Town Hall
25:51 Scout Tower
25:52 Scout Tower
25:52 Scout Tower
25:53 Scout Tower
25:57 Scout Tower
26:05 Scout Tower
26:06 Scout Tower
26:06 Scout Tower
26:07 Scout Tower
26:11 Scout Tower
26:14 Guard Tower
26:27 Guard Tower
26:47 Guard Tower
26:52 Scout Tower
26:58 Scout Tower
27:03 Guard Tower
28:04 Arcane Tower
28:21 Farm
28:25 Farm
28:28 Farm
28:30 Farm
28:32 Farm
28:34 Farm
28:36 Farm
31:47 Town Hall
31:52 Scout Tower
31:53 Scout Tower
31:54 Scout Tower
31:56 Scout Tower
31:58 Scout Tower
31:58 Scout Tower
31:59 Scout Tower
32:00 Scout Tower
32:07 Scout Tower
32:18 Guard Tower
32:19 Guard Tower
32:19 Guard Tower
32:22 Guard Tower
32:22 Guard Tower
32:23 Guard Tower
32:23 Guard Tower
32:55 Guard Tower
33:23 Scout Tower
33:27 Scout Tower
33:28 Scout Tower
33:30 Scout Tower
33:57 Arcane Tower
34:18 Scout Tower
34:19 Scout Tower
34:20 Scout Tower
34:21 Scout Tower
34:22 Scout Tower
34:24 Scout Tower
34:25 Scout Tower
34:27 Scout Tower
34:28 Scout Tower
34:29 Scout Tower
34:29 Scout Tower
34:46 Guard Tower
36:09 Guard Tower
37:49 Guard Tower
53:31 Lumber Mill
62:25 Lumber Mill
» items
| Scroll of Regeneration | 5 | |
| Periapt of Vitality | 2 | |
| Mechanical Critter | 4 | |
| Scroll of Town Portal | 1 | |
| Staff of Teleportation | 1 | |
13 total

»
Armadagedon (
blue | 37 APM | 2809 actions | 76:23)
6 Blood Mage
3 Flame Strike
2 Siphon Mana
1 Summon Phoenix
4 Paladin
2 Holy Light
2 Divine Shield
» actions
| Assign group hotkey | 10 | |
| Basic commands | 69 | |
| Build / train | 132 | |
| ESC pressed | 16 | |
| Enter build submenu | 48 | |
| Enter hero's abilities submenu | 10 | |
| Give item / drop item | 5 | |
| Remove unit from queue | 2 | |
| Right click | 1208 | |
| Select / deselect | 1029 | |
| Select group hotkey | 91 | |
| Use ability | 187 | |
2809 total
» units
| Peasant | 29 | |
| Footman | 2 | |
| Rifleman | 13 | |
| Siege Engine | 3 | |
| Flying Machine | 26 | |
73 total
» upgrades
| Gunpowder | 3 | |
| Armor | 3 | |
| Long Rifles | 1 | |
| Masonry | 1 | |
| Lumber Harvesting | 2 | |
| Plating | 3 | |
| Barrage | 1 | |
| Flak Cannons | 1 | |
| Flying Machine Bombs | 1 | |
| Fragmentation Shards | 1 | |
| Flare | 1 | |
18 total
» buildings
| Altar of Kings | 1 | |
| Farm | 10 | |
| Barracks | 2 | |
| Scout Tower | 28 | |
| Lumber Mill | 4 | |
| Arcane Tower | 1 | |
| Blacksmith | 2 | |
| Arcane Vault | 1 | |
| Keep | 1 | |
| Town Hall | 4 | |
| Guard Tower | 5 | |
| Castle | 1 | |
| Workshop | 4 | |
| Cannon Tower | 1 | |
65 total
» build order
00:33 Altar of Kings
00:54 Farm
00:57 Barracks
01:11 Farm
01:28 Scout Tower
01:41 Lumber Mill
01:54 Arcane Tower
02:16 Farm
02:49 Blacksmith
02:52 Blacksmith
03:01 Arcane Vault
03:22 Farm
03:32 Barracks
04:12 Farm
05:04 Keep
08:07 Town Hall
08:13 Town Hall
08:18 Scout Tower
08:20 Scout Tower
08:21 Scout Tower
08:23 Scout Tower
08:23 Scout Tower
08:24 Scout Tower
08:35 Farm
08:37 Farm
09:45 Guard Tower
12:28 Scout Tower
12:29 Scout Tower
12:31 Scout Tower
13:07 Castle
15:51 Scout Tower
15:52 Scout Tower
15:53 Scout Tower
15:54 Scout Tower
15:55 Scout Tower
15:57 Scout Tower
15:58 Scout Tower
16:04 Farm
16:05 Farm
16:05 Farm
16:31 Guard Tower
16:43 Lumber Mill
17:16 Guard Tower
17:16 Guard Tower
18:35 Workshop
18:37 Workshop
18:50 Workshop
18:51 Workshop
28:23 Guard Tower
31:00 Town Hall
31:03 Scout Tower
31:04 Scout Tower
31:05 Scout Tower
31:07 Scout Tower
31:08 Scout Tower
31:09 Scout Tower
31:10 Scout Tower
31:12 Scout Tower
31:13 Scout Tower
31:14 Scout Tower
31:15 Scout Tower
31:43 Cannon Tower
34:09 Lumber Mill
35:01 Town Hall
38:17 Lumber Mill
» items
| Lesser Clarity Potion | 1 | |
| Scroll of Regeneration | 3 | |
| Potion of Healing | 2 | |
| Scroll of Town Portal | 6 | |
| Orb of Fire | 1 | |
| Staff of Sanctuary | 1 | |
14 total
vwseddf (
purple | 37 APM | 2040 actions | 55:48)
7 Blood Mage
3 Flame Strike
3 Siphon Mana
1 Summon Phoenix
6 Mountain King
3 Storm Bolt
2 Bash
1 Avatar
» actions
| Basic commands | 8 | |
| Build / train | 146 | |
| Enter build submenu | 73 | |
| Enter hero's abilities submenu | 13 | |
| Give item / drop item | 4 | |
| Remove unit from queue | 3 | |
| Right click | 660 | |
| Select / deselect | 986 | |
| Use ability | 147 | |
2040 total
» units
| Peasant | 57 | |
| Footman | 7 | |
| Dragonhawk Rider | 4 | |
| Gryphon Rider | 4 | |
| Knight | 3 | |
75 total
» upgrades
| Swords | 3 | |
| Plating | 3 | |
| Masonry | 3 | |
| Lumber Harvesting | 2 | |
| Armor | 2 | |
| Animal War Training | 1 | |
| Cloud | 1 | |
| Storm Hammers | 1 | |
16 total
» buildings
| Farm | 20 | |
| Lumber Mill | 5 | |
| Altar of Kings | 1 | |
| Barracks | 1 | |
| Arcane Vault | 1 | |
| Blacksmith | 1 | |
| Town Hall | 11 | |
| Scout Tower | 29 | |
| Guard Tower | 17 | |
| Arcane Tower | 4 | |
| Keep | 1 | |
| Castle | 1 | |
| Gryphon Aviary | 3 | |
95 total
» build order
01:24 Farm
01:27 Lumber Mill
01:51 Altar of Kings
01:57 Barracks
02:02 Farm
02:29 Farm
02:42 Arcane Vault
03:08 Blacksmith
03:16 Farm
05:17 Town Hall
05:46 Scout Tower
05:47 Scout Tower
05:48 Scout Tower
06:17 Guard Tower
06:18 Guard Tower
06:20 Scout Tower
06:21 Scout Tower
06:54 Scout Tower
06:55 Guard Tower
07:22 Arcane Tower
08:07 Town Hall
08:15 Scout Tower
08:17 Scout Tower
08:19 Scout Tower
08:26 Keep
08:28 Scout Tower
08:31 Scout Tower
08:32 Scout Tower
08:44 Guard Tower
08:46 Scout Tower
08:57 Scout Tower
08:58 Guard Tower
09:12 Arcane Tower
09:14 Scout Tower
09:19 Guard Tower
09:21 Scout Tower
09:22 Scout Tower
09:26 Scout Tower
09:39 Arcane Tower
09:44 Scout Tower
09:47 Guard Tower
09:50 Lumber Mill
09:52 Guard Tower
09:55 Scout Tower
09:56 Guard Tower
09:58 Scout Tower
10:13 Guard Tower
10:14 Scout Tower
10:33 Scout Tower
10:41 Arcane Tower
10:43 Guard Tower
10:53 Castle
11:11 Guard Tower
11:12 Farm
11:14 Farm
11:17 Farm
11:21 Gryphon Aviary
11:59 Gryphon Aviary
12:03 Farm
12:06 Farm
12:08 Farm
12:31 Farm
12:33 Farm
12:43 Gryphon Aviary
16:30 Scout Tower
17:41 Scout Tower
17:44 Guard Tower
17:45 Scout Tower
18:05 Lumber Mill
18:13 Guard Tower
18:14 Scout Tower
18:37 Guard Tower
18:39 Scout Tower
18:44 Scout Tower
18:45 Guard Tower
19:09 Guard Tower
19:14 Lumber Mill
20:48 Farm
20:50 Farm
22:16 Farm
23:09 Farm
24:02 Farm
24:46 Farm
25:33 Town Hall
30:26 Town Hall
35:56 Town Hall
36:03 Town Hall
36:23 Lumber Mill
37:36 Town Hall
38:03 Farm
38:42 Farm
38:49 Town Hall
46:33 Town Hall
46:39 Town Hall
46:42 Town Hall
» items
| Healing Salve | 1 | |
| Scroll of Speed | 1 | |
| Orb of Lightning | 1 | |
| Scroll of Regeneration | 3 | |
| Scroll of Protection | 1 | |
| Scroll of Healing | 3 | |
| Boots of Speed | 1 | |
| Scroll of Town Portal | 6 | |
17 total
Chat log
(00:13 / All) DAT-SKILL.: hello comrades
(00:22 / All) toeShAnk: vodka
(00:25 / All) Iscariot: Hail Comrade of the Opposing Forces
(02:25 / Allies) toeShAnk: looks like rush
(02:31 / Allies) Armadagedon: yep
(04:50 / All) DAT-SKILL.: SO, how about those washington redskins
(05:09 / All) Iscariot: robert griffen king of garbage time stats
(08:15 / Allies) Iscariot: lumber?
(08:20 / All) conmaster: lol
(08:35 / All) toeShAnk: cooking :)
(09:38 / All) Armadagedon: shit
(16:59 / Allies) Armadagedon: lumber?
(17:11 / Allies) Armadagedon: ty
(18:50 / All) Iscariot: me and green best friedns forever
(19:44 / All) Iscariot: me and orange besties!
(20:04 / All) Iscariot: don't run from my love
(20:53 / Allies) toeShAnk: fuck me
(21:35 / All) Armadagedon: Damn
(21:43 / All) DAT-SKILL.: teals my boy
(21:44 / All) Armadagedon: that stomp
(22:42 / All) Iscariot: zzz
(23:23 / Allies) Armadagedon: cloud it
(23:26 / Allies) Armadagedon: and ill kill it
(23:55 / All) Iscariot: i probably have 20 apm lawl
(27:57 / All) Iscariot: invis peon lalw
(33:02 / Allies) Armadagedon: jesus pink
(33:06 / Allies) Armadagedon: gimme money
(33:12 / Allies) Iscariot: I don't have much to spare
(33:28 / Allies) Armadagedon: 23k
(33:29 / Allies) Armadagedon: lol
(33:49 / All) DAT-SKILL.: 15 hp
(33:54 / Allies) Iscariot: I'm not running a charity. My apologies but you'll have to pull your own weight and earn your own wage in this world.
(35:26 / Allies) Armadagedon: ok
(35:29 / Allies) Armadagedon: lets kill em
(35:39 / Allies) toeShAnk: morts?
(35:52 / Allies) Armadagedon: meh
(35:55 / Allies) Armadagedon: need hawks
(36:50 / Allies) Iscariot: Gentlemen I will trade 2,000 gold for each 1,000 lumber
(37:45 / All) Iscariot: 2k gold for 1k lumber
(37:55 / All) Iscariot: Nothing for half measures
(38:42 / All) Iscariot: Only serving thems that pay it all at once
(38:45 / All) Iscariot: 500, 500 = 0
(38:48 / All) DAT-SKILL.: asshole
(38:51 / All) Armadagedon: bitch
(38:56 / All) Iscariot: What did you call me?
(39:14 / Allies) Armadagedon: get oil
(39:15 / Allies) Armadagedon: on catas
(40:04 / Allies) Armadagedon: cloud it
(40:06 / Allies) Armadagedon: already
(40:47 / All) conmaster: lol
(40:49 / All) conmaster: blue
(41:00 / All) conmaster: go to the mustang!!!
(41:41 / All) conmaster: ohoh CIVIL WAR !!!!!!
(41:43 / All) conmaster: lol
(42:31 / All) toeShAnk: lol
(42:41 / All) DAT-SKILL.: that nigger purple is everywhere
(43:31 / All) Iscariot: Can't catch me I'm the gingerbread man!
(44:56 / All) Iscariot: guess I should have had a TP!
(45:10 / All) Iscariot: No matter, no matter. It reall is no matter, I have gold to spare heehehe!
(47:01 / All) Iscariot: hehe
(47:09 / All) Iscariot: Rather suicidal, don't you think?
(49:02 / All) DAT-SKILL.: WTF happened to ur armies
(49:06 / All) Iscariot: Good night sweet prince, Gilaras!
(54:00 / Allies) Iscariot: Let's kill green's arch mage
(55:12 / Allies) Iscariot: go bm
(56:06 / All) Iscariot: Oh you really are very dumb, aren't you!
(57:31 / All) DAT-SKILL.: good job green
(58:23 / All) Iscariot: SECRET
(58:25 / All) Iscariot: AGENT MAN!
(60:07 / All) DAT-SKILL.: bitch
(60:48 / All) Iscariot: THIS IS TEH FUCKING END TIMES MAN
(60:52 / All) Iscariot: THE ARMAGEDDON FOR YOU
(60:58 / All) Iscariot: THE END IS EXTREMELY FUCKING NIGH!
(61:20 / All) Armadagedon: from the ashes of this worl
(61:22 / All) Armadagedon: world
(61:26 / All) Armadagedon: i will be reborn
(61:35 / All) conmaster: nice comeback
(61:37 / All) Armadagedon: like the Phoenix we are
(61:57 / All) Armadagedon: We will return to end this world
(62:08 / All) Iscariot: NOT THIS WORLD, FRIEND!
(62:15 / All) Armadagedon: i will end this world
(62:21 / All) conmaster: ithink blue and pink are ex-lovers
(62:24 / All) Armadagedon: I end all worlds
(62:28 / All) Armadagedon: wtf
(62:33 / All) Armadagedon: you have a homo mind
(62:57 / All) conmaster: just suck each other's cocks and get over with
(62:59 / All) Iscariot: If you're so tough how'd you get your ass kicked?
(63:04 / All) Iscariot: I put a real whollop on you buddy
(63:19 / All) Armadagedon: why try versus trash
(63:23 / All) Armadagedon: it not worth it
(63:26 / All) Iscariot: Yeah sure
(63:29 / All) conmaster: talk shit now hey
(63:41 / All) Iscariot: I'm the greatest there's ever been
(63:52 / All) conmaster: come by yourself here then
(63:53 / All) Armadagedon: sure kid
(63:55 / All) Armadagedon: sure
(64:02 / All) conmaster: I will count to 10
(64:06 / All) Iscariot: Kicked your ass, that's for sure
(64:18 / All) Iscariot: Zero units, 0 food
(64:20 / All) Iscariot: You LOSE!
(64:26 / All) Armadagedon: did you think i even tried this game
(64:27 / All) Armadagedon: ?
(64:28 / All) DAT-SKILL.: how'd red get crown of kings from u
(64:35 / All) Armadagedon: red killed mage
(64:38 / All) Armadagedon: middle
(64:39 / All) Armadagedon: idiot
(64:49 / All) DAT-SKILL.: y so hostile
(64:55 / All) DAT-SKILL.: ernest hemmingway
(64:55 / All) Armadagedon: think maybe?
(65:05 / All) Armadagedon: thats a dumb question
(66:34 / All) DAT-SKILL.: (01:29 / All) conmaster: i love cocks !!!
(66:48 / All) DAT-SKILL.: green u said that
(66:53 / All) Armadagedon: sounds gay
(66:57 / All) conmaster: yes sir...so come here and blow me
(66:59 / All) Iscariot: He's projecting his latent homosexual tendencies onto us
(67:14 / All) Armadagedon: wierd
(67:14 / All) Iscariot: I made you pay for your libel, punk
(67:28 / All) Iscariot: Bemirching my eminent reputation
(67:29 / All) DAT-SKILL.: (03:10 / All) conmaster: that is what happemned when sucking too much cocks
(67:44 / All) Armadagedon: No homosexuals in here allowed
(67:46 / All) DAT-SKILL.: green said that on march 1 2013
(67:48 / All) Armadagedon: its the rules
(68:01 / All) toeShAnk: wow
(68:05 / All) conmaster: you must have a decent cock or just shut the fuck up since yours is so small
(68:06 / All) toeShAnk: fuck me right pink?
(68:09 / Allies) Iscariot: Don't come to the middle, I own it. King of the Hill, thems the rules and sorry thems the breaks.
(68:20 / All) toeShAnk: dude
(68:28 / All) toeShAnk: i was the king till you killed all team
(68:32 / All) toeShAnk: gj
(68:37 / All) conmaster: lol
(68:39 / All) toeShAnk: ganja rules you though
(68:45 / All) DAT-SKILL.: ganjaking?
(68:47 / All) conmaster: just suck his cock too then
(68:50 / All) Iscariot: Yeah. Some call me usurper, I just call me the king.
(68:53 / All) Iscariot: So does your mother.
(69:00 / All) Iscariot: KING OF THE HILL!
(69:02 / All) conmaster: lol
(69:03 / All) Iscariot: KING OF THE HILL!
(69:05 / All) toeShAnk: long may you reighn
(69:10 / All) Armadagedon: You get herpies by the age of 21
(69:11 / All) Iscariot: That's the spirit
(69:15 / All) Armadagedon: congrats
(69:20 / All) conmaster: i have some knee pads for you here\
(69:21 / All) toeShAnk: gg yellow
(69:33 / All) toeShAnk: you were best micro and macro on the map by far
(69:41 / All) toeShAnk: owned my ass
(69:44 / All) DAT-SKILL.: u guys are not begging for the win hard enough
(69:46 / All) conmaster: come and get some
(69:51 / All) Iscariot: 15k lumber on this map
(70:14 / All) Armadagedon: in this map there is unlimited lumber
(70:18 / All) conmaster: now we have 2 cock suckers left
(70:26 / All) Armadagedon: just go night elfs
(70:31 / All) conmaster: 2 ex-lovers\
(70:38 / All) Armadagedon: suck it gay boi
(70:40 / All) DAT-SKILL.: okay listen up
(70:45 / All) DAT-SKILL.: everyone letme speak
(70:51 / All) DAT-SKILL.: i have an announcement
(70:55 / All) DAT-SKILL.: in case u didnt know this already
(70:58 / All) DAT-SKILL.: this game was rigged
(71:07 / All) Armadagedon: i knew
(71:16 / All) DAT-SKILL.: me and pink wil kill all units, including OUR OWN, and leave the game
(71:17 / All) Iscariot: We've been working in collusion before the game even began
(71:18 / All) Armadagedon: saw 2 lvl 1's on the board
(71:21 / All) DAT-SKILL.: best internet connection wins
(71:32 / All) Armadagedon: so i knew this would happen
(71:33 / All) DAT-SKILL.: are these terms fair?
(71:39 / All) DAT-SKILL.: it happens all the time in 4v 4lol
(72:01 / All) Armadagedon: i only do it when im night elfs
(72:06 / All) Armadagedon: i like to hide the trees
(72:51 / Allies) Armadagedon: lol
(72:53 / Allies) Iscariot: I left you some presents
(72:54 / All) Armadagedon: lol guys dual
(72:59 / All) DAT-SKILL.: so bsically its green vs blue
(73:12 / All) DAT-SKILL.: if u guys leave ur computer/wc3 on all night, ill whisper u tomorrow
(73:28 / All) Armadagedon: i have all the time in the world
(73:34 / All) DAT-SKILL.: green?
(73:38 / All) Armadagedon: besides i have 2 more computers near me
(73:43 / All) DAT-SKILL.: we avent even revealed ur base all game, pink lol
(73:48 / All) Iscariot: We're going to make a wager of 10 American dollars on the winner
(73:59 / All) DAT-SKILL.: whoever stays longest gets pics of my sister
(74:23 / All) Armadagedon: lol
(74:40 / All) DAT-SKILL.: i should have left green a copter
(74:59 / All) DAT-SKILL.: ill leave gren cirtters lol
(75:17 / All) DAT-SKILL.: let me go to u
(75:31 / All) DAT-SKILL.: we'll sacrifice ourselves to the sun god jupiter at the same time
(75:40 / All) Armadagedon: boo
(75:48 / All) Iscariot: Sol Invictus
(75:51 / All) Armadagedon: Blood for the blood god
(75:55 / All) Armadagedon: always
(76:08 / All) DAT-SKILL.: i did
(76:09 / All) DAT-SKILL.: Lol
(76:16 / All) DAT-SKILL.: may the best internet win
(76:22 / All) Iscariot: Farewell, and good luck gents